 Dungeon Crawl Stone Soup version 0.25-a0-566-g062765b (webtiles) character file.

Game seed: 15047960958923659294, levelgen mode: deterministic

22 15 the Caller (level 2, -2/19 HPs)
             Began as a Barachi Summoner on Feb 28, 2020.
             Slain by a worm (9 damage)
             ... on level 2 of the Dungeon.
             The game lasted 00:02:26 (1183 turns).

15 the Caller (Barachi Summoner)                    Turns: 1183, Time: 00:02:27

Health: -2/19      AC:  3    Str:  9    XL:     2   Next: 91%
Magic:  5/5        EV: 12    Int: 15    God:
Gold:   102        SH:  0    Dex: 12    Spells: 3/6 levels left

rFire    . . .     SeeInvis .   e - +0 dagger
rCold    . . .     Gourm    .   (no shield)
rNeg     . . .     Faith    .   a - +0 robe
rPois    .         Spirit   .   d - +0 helmet
rElec    .         Reflect  .   (no cloak)
rCorr    .         Harm     .   (no gloves)
MR       .....                  (no boots)
Stlth    ++........             (no amulet)
HPRegen  0.06/turn              (no ring)
MPRegen  0.09/turn              (no ring)

@: slow
A: +LOS, swims, slowness 1, strong legs 1
a: Hop


You were on level 2 of the Dungeon.
You were very hungry.

You visited 1 branch of the dungeon, and saw 2 of its levels.

You collected 102 gold pieces.

Inventory:

Hand Weapons
 e - a +0 dagger (weapon)
Armour
 a - a +0 robe (worn)
 d - a +0 helmet (worn)
Scrolls
 f - a scroll of magic mapping {unknown}
 g - a scroll of identify
 h - a scroll of fear
 i - a scroll of teleportation {unknown}
Potions
 b - 2 potions of heal wounds
Comestibles
 c - 3 rations


   Skills:
 + Level 2.2 Dodging
 + Level 2.0 Stealth
 + Level 0.3 Unarmed Combat
 + Level 2.5 Spellcasting
 + Level 5.4 Summonings


You had 3 spell levels left.
You knew the following spells:

 Your Spells              Type           Power        Failure   Level  Hunger
a - Summon Small Mammal   Summ           ###.         2%          1    #......
b - Call Imp              Summ           ###.....     3%          2    ###....

Your spell library contained the following spells:

 Spells                   Type           Power        Failure   Level  Hunger
 Call Canine Familiar     Summ           ###.....     7%          3    ###....
 Summon Guardian Golem    Hex/Summ       #.......     22%         3    ###....
 Summon Ice Beast         Ice/Summ       #.......     56%         4    #####..
 Summon Lightning Spire   Summ/Air       #.......     56%         4    #####..


Dungeon Overview and Level Annotations

Branches:
Dungeon (2/15)

Altars:


Innate Abilities, Weirdness & Mutations

You can be seen from farther away. (+LOS)
You can swim through water.
You cover ground slowly.
You can hop short distances.


Message History

No target in view!
A frilled lizard comes into view.
The frilled lizard hisses angrily.
Your crimson imp blinks!
The frilled lizard barely misses you. The frilled lizard closely misses you.
Your crimson imp misses the frilled lizard.
There is a stone staircase leading up here.
You hit the frilled lizard.
You kill the frilled lizard!
No target in view!
No target in view!
You swap places.
A worm comes into view.
The worm bites you.
You hit the worm but do no damage. The worm bites you!
You barely miss the worm. You barely miss the worm.
You are feeling very hungry.
The worm bites you!
You die...

#.##.. ### ### #.####
##.. #.#####.######
##...#####.............
#.#............# ##.
#.........<..#[#
#.####..
##......###.#.#
#....... ##...#5# #.#.#
#####.#. ##. #@# #.#.#
#.#. # #w# #.#.# #.#.
#.# #.#.# ##.#. #.#
#.#.######.... #.#
#..........#.. ..#
##########...# ###
##.## .# .#


You could see a worm and a friendly crimson imp.

Vanquished Creatures
  2 dart slugs
  A leopard gecko (D:1)
  A ball python (D:1)
  A goblin (D:1)
  2 jackals (D:1)
  2 bats (D:1)
  2 frilled lizards
  A rat (D:1)
12 creatures vanquished.

Vanquished Creatures (collateral kills)
  A goblin (D:1)
  2 hobgoblins
  A jackal (D:1)
  3 bats
  2 kobolds (D:1)
  2 rats (D:1)
11 creatures vanquished.

Grand Total: 23 creatures vanquished

Notes
Turn   | Place    | Note
-------+----------+-------------------------------------------
     0 | D:1      | 15 the Barachi Summoner began the quest for the Orb.
     0 | D:1      | Reached XP level 1. HP: 13/13 MP: 3/3
   251 | D:1      | Reached skill level 5 in Summonings
   378 | D:1      | Reached XP level 2. HP: 4/19 MP: 1/5
   643 | D:1      | Learned a level 2 spell: Call Imp
  1183 | D:2      | Slain by a worm

Levels and vault maps discovered:
D:1:      tarquinn_simple_flora_water_a, layout_loops_ring
D:2:      layout_loops_ring, uniq_terence

Skill      XL: |  1  2 |
---------------+-------+-----
Summonings     | 5 |  5.4
Stealth        | 2 |  2.0
Dodging        | |  2.2
Unarmed Combat | |  0.3
Spellcasting   | |  2.5

Action                   || total
-------------------------++-------
Melee: Unarmed           ||    22
       Dagger            ||    52
 Cast: Summon Small Mamm ||     6
       Call Imp          ||    10
  Use: Scroll            ||     2
 Stab: Sleeping          ||     1
  Eat: Chunk             ||     1
Armor: Robe              ||    38
Dodge: Dodged            ||    75

Table legend:
 A = Non-vault XP
 B = Vault XP
 C = Vault XP percentage of total XP
 D = Non-vault monster count
 E = Vault monster count
 F = Vault count percentage of total count
                 A         B        C        D         E       F
            +---------+---------+-------+---------+---------+-------
      Total |      32 |       0 |   0.0 |      23 |       0 |   0.0
            +---------+---------+-------+---------+---------+-------
        D:1 |      24 |       0 |   0.0 |      18 |       0 |   0.0
        D:2 |       8 |       0 |   0.0 |       5 |       0 |   0.0
            +---------+---------+-------+---------+---------+-------
